 Dungeon Crawl Stone Soup version 0.18-a0-1413-g4eaa9ac (webtiles) character file.

72 M4edhros the Ducker (level 4, -1/28 HPs)
             Began as an Octopode Artificer on Feb 25, 2016.
             Slain by a blink frog (19 damage)
             ... on level 3 of the Dungeon.
             The game lasted 00:04:36 (2561 turns).

M4edhros the Ducker (Octopode Artificer)            Turns: 2561, Time: 00:04:36

Health: -1/28      AC:  1    Str:  9 (10) XL:     4   Next: 25%
Magic:  6/6        EV: 16    Int: 13 (15) God:
Gold:   128        SH:  7    Dex: 14 (17) Spells: 0 memorised, 3 levels left

rFire  . . .     SeeInvis .     (no weapon)
rCold  . . .     Gourm    .     t - +0 shield
rNeg   . . .     Faith    .     (helmet restricted)
rPois  .         Spirit   .     (no amulet)
rElec  .         Dismiss  .     (no ring)
rCorr  .         Reflect  .     (no ring)
SustAt .         Harm     .     (no ring)
MR     .....                    (no ring)
Stlth  ++++......               (no ring)
                                (no ring)
                                (no ring)
                                (no ring)

@: agile, not resistant to hostile enchantments, stealthy
A: almost no armour, amphibious, 8 rings, constrict 8, camouflage 1, gelatinous
body 1
a: no special abilities


You were on level 3 of the Dungeon.
You were very hungry.

You visited 1 branch of the dungeon, and saw 3 of its levels.

You collected 128 gold pieces.

Inventory:

Armour
 t - a +0 shield (worn)
Jewellery
 g - an uncursed ring of protection from fire {unknown}
Wands
 b - a wand of flame (13/48)
 c - a wand of enslavement (12/24)
 d - a wand of random effects (12/48)
Scrolls
 h - 4 scrolls of identify {unknown}
 i - 3 scrolls of remove curse {unknown}
 l - a scroll of immolation {unknown}
 o - a scroll of amnesia {unknown}
 p - a scroll of noise {unknown}
 q - a scroll of blinking {unknown}
 s - a scroll of recharging {unknown}
Potions
 e - a potion of lignification {unknown}
 j - a potion of degeneration
 m - 2 potions of agility
Comestibles
 a - 2 beef jerkies
 f - a bread ration
 n - 2 meat rations
 r - 4 fruits


   Skills:
 - Level 1.0 Fighting
   Level 1.0 Short Blades
 + Level 4.0 Dodging
 - Level 1.3 Stealth
 * Level 1.3 Shields
 - Level 3.2 Evocations


You had 3 spell levels left.
You didn't know any spells.

Dungeon Overview and Level Annotations

Branches:
Dungeon (3/15)

Altars:
Elyvilon
Makhleb
Okawaru
Trog


Innate Abilities, Weirdness & Mutations

You cannot wear most types of armour.
You are amphibious.
You can wear up to eight rings at the same time.
You can use your tentacles to constrict eight enemies at once.
Your skin changes colour to match your surroundings (Stealth).
Your rubbery body absorbs attacks (AC +1).


Message History

The centaur is heavily wounded.
You block the centaur's attack. The centaur closely misses you.
You barely miss the centaur.
The centaur is heavily wounded.
The centaur misses you. You block the centaur's attack.
The blink frog croaks.
You tentacle-slap the centaur but do no damage.
The centaur is heavily wounded.
The blink frog blinks!
The centaur closely misses you.
The blink frog blinks!
You barely miss the centaur.
The centaur is heavily wounded.
You block the centaur's attack. x2
Evoke which item? (* to show all) (? for menu, Esc to quit)
Zapping:
c - a wand of enslavement (13/24)
Press: ? - help, Shift-Dir - straight line, p - blink frog The blink frog easily resists.
This wand has 12 charges left.
The blink frog misses you. The centaur barely misses you.
The blink frog hits you!!
Ouch! That really hurt!
You die...

..#..# #..#.# #.#
#..<.#### ##....#
#F# #..#.......
..#..# #.#
........... #. .##
#.# #..##.####.
#..#######.#######
#..# .#
#....)...........#
#..# .#
##.#######)#####.#
#..# #
#.##.ยง.######.#
#..#
......c@((....#
#..#
.###..F########
...# ......# ..##
.##### ..###.#
......# ........
........ ########


You could see a blink frog and a centaur.

Vanquished Creatures
  2 adders
  An ooze (D:1)
  3 giant geckos
  An orc (D:3)
  2 giant cockroaches
  5 goblins
  4 hobgoblins
  3 jackals (D:3)
  5 kobolds
  A ball python (D:1)
  6 bats
  3 giant newts
  A quokka skeleton (D:3)
  8 rats
45 creatures vanquished.

Notes
Turn   | Place    | Note
--------------------------------------------------------------
     0 | D:1      | M4edhros the Octopode Artificer began the quest for the Orb.
     0 | D:1      | Reached XP level 1. HP: 13/13 MP: 3/3
   448 | D:1      | Reached XP level 2. HP: 12/18 MP: 4/4
   495 | D:1      | Reached skill level 3 in Dodging
   864 | D:1      | Reached XP level 3. HP: 7/23 MP: 5/5
  1379 | D:2      | Found a white marble altar of Elyvilon.
  1379 | D:2      | Found a bloodstained altar of Trog.
  1380 | D:2      | Found an iron altar of Okawaru.
  1942 | D:3      | Reached skill level 4 in Dodging
  1950 | D:3      | Reached XP level 4. HP: 4/28 MP: 6/6
  1952 | D:3      | Reached skill level 1 in Shields
  2228 | D:3      | Found a burning altar of Makhleb.
  2515 | D:3      | Noticed an ogre
  2528 | D:3      | Noticed a blink frog
  2528 | D:3      | an ogre changed into a blink frog
  2538 | D:3      | Noticed a centaur
  2561 | D:3      | Slain by a blink frog

Vault maps used:
D:1:      ncdulo_watergridlock
D:2:      gammafunk_temple_overflow_claw
D:3:      mrwooster_statue_mirror, bloody_makhleb

Skill      XL: |  1  2  3  4 |
---------------+-------------+-----
Dodging        | 3 4 |  4.0
Shields        | 1 |  1.3
Fighting       | |  1.0
Short Blades   | |  1.0
Stealth        | |  1.3
Evocations     | |  3.2

Action                   |  1- 3 |  4- 6 || total
-------------------------+-------+-------++-------
Melee: Unarmed           |    97 |    35 ||   132
Evoke: Wand              |       |     8 ||     8
  Use: Potion            |     3 |     2 ||     5
 Stab: Sleeping          |    15 |     3 ||    18
  Eat: Chunk             |     2 |     2 ||     4
